 Dungeon Crawl Stone Soup version 0.27-a0-1500-g450c7e4133 (webtiles) character file.

Game seed: 10121448680630804197

2584 robertstho the Thaumaturge (level 9, -10/62 HPs)
             Began as a Djinni Fire Elementalist on July 7, 2021.
             Shot with a sling bullet by Joseph (26 damage)
             ... on level 7 of the Dungeon.
             The game lasted 00:13:36 (10841 turns).

robertstho the Thaumaturge (DjFE)                  Turns: 10841, Time: 00:13:37

Health: -10/62     AC:  6    Str:  7    XL:     9   Next: 88%
Gold:   322        EV: 13    Int: 20    God:
                   SH:  0    Dex: 14

rFire    + + +     SeeInvis +   o - +12 glaive of Prune {vorpal}
rCold    + . .     Faith    .   (shield currently unavailable)
rNeg     . . .     Spirit   .   E - +1 robe "Keud" {rF+ rC+ SInv Stlth-}
rPois    ∞         Reflect  .   u - +2 hat
rElec    .         Harm     .   (no cloak)
rCorr    .         Rampage  .   n - +0 pair of gloves
Will     .....                  (boots unavailable)
Stlth    +.........             (no amulet)
HPRegen  0.20/turn              A - ring of protection from cold
MPRegen  0.00/turn              (no ring)

@: flying, very slightly contaminated
A: sickness immunity, fire resistance 2, cold vulnerability 1, float, innate
caster, hp casting, extra vitality 1
a: no special abilities


You were on level 7 of the Dungeon.
You visited 2 branches of the dungeon, and saw 8 of its levels.

You collected 322 gold pieces.

Inventory:

Hand Weapons
 l - a +0 short sword of draining
 o - the +12 glaive of Prune (weapon) {vorpal}
   (You acquired it on level 4 of the Dungeon)

   It inflicts extra damage upon your enemies.
 v - a +0 vampiric hand axe
Missiles
 q - 12 javelins
Armour
 a - a +0 robe
 n - a +0 pair of gloves (worn)
 u - a +2 hat (worn)
 E - the +1 robe "Keud" (worn) {rF+ rC+ SInv Stlth-}
   (You found it on level 7 of the Dungeon)

   rF:        It protects you from fire.
   rC:        It protects you from cold.
   SInv:      It lets you see invisible.
   Stlth:     It makes you less stealthy.
Jewellery
 A - a ring of protection from cold (left hand)
Wands
 y - a wand of charming (5)
Scrolls
 d - 4 scrolls of enchant weapon
 e - a scroll of silence
 f - 4 scrolls of immolation
 i - 3 scrolls of enchant armour
 j - 4 scrolls of fog
 r - a scroll of holy word
 s - a scroll of fear
 x - a scroll of amnesia {unknown}
 z - 2 scrolls of blinking {unknown}
 C - a scroll of torment {unknown}
Potions
 b - 2 potions of curing
 c - 2 potions of brilliance {unknown}
 g - 2 potions of heal wounds {unknown}
 h - a potion of degeneration {unknown}
 k - a potion of lignification {unknown}
 m - a potion of cancellation {unknown}
 p - a potion of attraction {unknown}
 t - 2 potions of might {unknown}
 w - a potion of berserk rage
 B - a potion of ambrosia {unknown}


   Skills:
 * Level 4.1 Fighting
 + Level 0.2 Short Blades
 + Level 2.5 Polearms
 + Level 3.5 Dodging
 + Level 3.7 Stealth
 * Level 8.4 Spellcasting


You couldn't memorise any spells.
You knew the following spells:

 Your Spells              Type           Power      Damage    Failure   Level
a - Foxfire               Conj/Fire      100%       2x1d9     1%          1
b - Conjure Flame         Conj/Fire      42%        6-21      1%          3
c - Inner Flame           Hex/Fire       42%        N/A       1%          3
d - Sticky Flame          Conj/Fire      42%        2d6       2%          4
e - Fireball              Conj/Fire      21%        3d10      7%          5
f - Shock                 Conj/Air       100%       1d9       1%          1
g - Blink                 Tloc           N/A        N/A       1%          2
h - Call Imp              Summ           42%        N/A       1%          2
i - Swiftness             Air            42%        N/A       1%          3
Your spell library was empty.

Dungeon Overview and Level Annotations

Branches:
Dungeon (7/15)             Temple (1/1) D:6

Altars:
Ashenzari
Cheibriados
Dithmenos
Elyvilon
Fedhas
Hepliaklqana
Kikubaaqudgha
Makhleb
Nemelex Xobeh
Okawaru
Qazlal
Ru
Sif Muna
Trog
Xom
Yredelemnul
Zin
The Shining One
Lugonu

Shops:
D:2 :

Annotations:
D:7 Joseph


Innate Abilities, Weirdness & Mutations

You are immune to sickness and miasma.
You are immune to poison.
Your flesh is very heat resistant. (rF++)
You are vulnerable to cold. (rC-)
You float through the air rather than walking.
You learn spells naturally, not from books.
Your magical power is your life essence.
You have superior vitality. (+4 HP)


Message History

Press: ? - help, Shift-Dir - straight line, f - Joseph
Aim: Joseph, wielding a +0 quarterstaff, wearing a +0 leather armour and quivering sling bullets The fireball explodes!
The fireball engulfs Joseph!!
Joseph is moderately wounded.
Joseph unwields a +0 quarterstaff.
Joseph wields a +0 hunting sling.
Joseph shoots a sling bullet.
The sling bullet barely misses you.
Casting: Fireball (dangerous; 7% risk of failure)
Confirm with . or Enter, or press ? or * to list all spells.
Aiming: Fireball (dangerous; 7% risk of failure)
Press: ? - help, Shift-Dir - straight line, f/p - Joseph
Aim: Joseph, wielding a +0 hunting sling, wearing a +0 leather armour and quivering sling bullets (moderately wounded)
You miscast Fireball.
You are very lightly contaminated with residual magic.
Fire whirls out from your hands. You resist.
Joseph shoots a sling bullet.
The sling bullet closely misses you.
Casting: Fireball (dangerous; 7% risk of failure)
Confirm with . or Enter, or press ? or * to list all spells.
Aiming: Fireball (dangerous; 7% risk of failure)
Press: ? - help, Shift-Dir - straight line, f/p - Joseph
Aim: Joseph, wielding a +0 hunting sling, wearing a +0 leather armour and quivering sling bullets (moderately wounded)
The fireball explodes!
The fireball engulfs Joseph!
Joseph is heavily wounded.
Joseph shoots a sling bullet.
The sling bullet hits you!
Casting: Fireball (dangerous; 7% risk of failure)
Confirm with . or Enter, or press ? or * to list all spells.
Aiming: Fireball (dangerous; 7% risk of failure)
Press: ? - help, Shift-Dir - straight line, f/p - Joseph
Aim: Joseph, wielding a +0 hunting sling, wearing a +0 leather armour and quivering sling bullets (heavily wounded)
The fireball explodes!
The fireball engulfs Joseph!
Joseph is severely wounded.
Joseph shoots a sling bullet.
The sling bullet closely misses you.
Casting: Fireball (dangerous; 7% risk of failure)
Confirm with . or Enter, or press ? or * to list all spells.
Aiming: Fireball (dangerous; 7% risk of failure)
Press: ? - help, Shift-Dir - straight line, f/p - Joseph
Aim: Joseph, wielding a +0 hunting sling, wearing a +0 leather armour and quivering sling bullets (severely wounded)
You miscast Fireball.
You are blasted with magical energy!
* * * LOW HITPOINT WARNING * * *
x2 Joseph shoots a sling bullet.
The sling bullet hits you!!
You die...

#.#### ###.##########.##
#....# #.# #.# ####.# #.# #.#
#.# ##'## #.## #.# ##...##
#####... #.# ##.....##
#....... ##.##
##.......###.##....
##...####.........##.#...#.
####.....@.'.@.......'........
#.......####.........^§.#.....
#.####.## ##.........####..#.
##.####.# ##.....#.#_#^#..#.
#..##...# ##......#.#^#..#.
#.>##...# ##'##..≈.^......
#.......# #.##.......#.##
#..P.P.## #.###...P.##.#
#..._..### ##.###P..P.##.#


You could see Joseph.

Vanquished Creatures
  An acid dragon (D:7)
  3 black bears
  3 sky beasts
  An ice beast (D:7)
  An orc warrior (D:6)
  An ogre (D:6)
  A centaur (D:7)
  6 bullfrogs
  A gnoll sergeant (D:7)
  2 scorpions (D:5)
  3 water moccasin zombies (D:6)
  2 wights (D:4)
  3 bullfrog zombies
  A centaur zombie (D:7)
  2 hounds
  A centaur skeleton (D:6)
  An orc priest (D:7)
  A bullfrog skeleton (D:6)
  2 iguanas (D:6)
  4 orc wizards (D:6)
  A killer bee zombie (D:6)
  A hound skeleton (D:5)
  A howler monkey zombie (D:6)
  7 gnolls
  A howler monkey skeleton (D:4)
  7 adders
  A shadow imp (D:7)
  2 white imps (D:6)
  2 ufetubi (D:6)
  2 worms
  4 dart slugs
  13 orcs
  7 bats
  5 endoplasms
  7 giant cockroaches
  11 hobgoblins
  13 jackals
  7 kobolds
  3 quokkas
  9 ball pythons
  3 frilled lizards
  6 goblins
  9 rats
162 creatures vanquished.

Vanquished Creatures (others)
  A human (D:5)
  671 foxfires
  A plant (D:7)
  A withered plant (D:6)
674 creatures vanquished.

Grand Total: 836 creatures vanquished

Notes
Turn   | Place    | Note
-------+----------+-------------------------------------------
     0 | D:1      | robertstho the Djinni Fire Elementalist began the quest for
                  | the Orb.
     0 | D:1      | Reached XP level 1. HP: 15/15 MP: 0/0
     1 | D:1      | Found a runed translucent door.
   319 | D:1      | Reached XP level 2. HP: 20/21 MP: 0/0
   449 | D:1      | You are sucked into a shaft and drop 1 floor!
   852 | D:1      | Reached XP level 3. HP: 16/26 MP: 0/0
   852 | D:1      | Learned a level 1 spell: Shock
  1184 | D:1      | Reached skill level 3 in Spellcasting
  1310 | D:1      | Reached skill level 1 in Fighting
  1743 | D:2      | Reached XP level 4. HP: 28/32 MP: 0/0
  2266 | D:2      | Found a faded altar of an unknown god.
  2566 | D:2      | Found Giefi's Book Shoppe.
  2612 | D:2      | Reached XP level 5. HP: 35/37 MP: 0/0
  2612 | D:2      | Learned a level 2 spell: Blink
  3385 | D:3      | Found an iron altar of Okawaru.
  3516 | D:3      | Reached skill level 4 in Spellcasting
  4554 | D:4      | Found a bloodstained altar of Trog.
  4582 | D:4      | Noticed a black bear
  4590 | D:4      | Killed a black bear
  4591 | D:4      | Reached XP level 6. HP: 29/43 MP: 0/0
  5278 | D:4      | Identified a scroll of acquirement
  5279 | D:4      | Acquired the +12 glaive of Prune {vorpal}
  5280 | D:4      | Found the +12 glaive of Prune {vorpal}
  5325 | D:4      | Found a white marble altar of Elyvilon.
  5783 | D:4      | Reached XP level 7. HP: 21/49 MP: 0/0
  5783 | D:4      | Learned a level 2 spell: Call Imp
  6101 | D:5      | Entered Level 5 of the Dungeon
  6137 | D:5      | Reached skill level 5 in Spellcasting
  6487 | D:5      | Reached skill level 1 in Polearms
  6520 | D:5      | Found a broken altar of Ashenzari.
  6526 | D:5      | Found a shimmering altar of Xom.
  6530 | D:5      | Found a hazy altar of Hepliaklqana.
  6673 | D:5      | Found a glowing silver altar of Zin.
  6673 | D:5      | Noticed an angel
  6717 | D:5      | Noticed a human
  6718 | D:5      | Killed a human
  6770 | D:5      | Reached XP level 8. HP: 55/55 MP: 0/0
  7073 | D:6      | Reached skill level 6 in Spellcasting
  7378 | D:6      | Found a staircase to the Ecumenical Temple.
  7395 | Temple   | Entered the Ecumenical Temple
  7683 | D:6      | Reached XP level 9. HP: 57/61 MP: 0/0
  7683 | D:6      | Learned a level 3 spell: Swiftness
  8218 | D:6      | Reached skill level 7 in Spellcasting
  9488 | D:7      | Found a blossoming altar of Fedhas.
  9493 | D:7      | Found a stormy altar of Qazlal.
  9534 | D:7      | Identified the +1 robe "Keud" {rF+ rC+ SInv Stlth-}
  9601 | D:7      | Reached skill level 8 in Spellcasting
  9864 | D:7      | Found a basalt altar of Yredelemnul.
 10040 | D:7      | Found a sacrificial altar of Ru.
 10073 | D:7      | Noticed Joseph
 10841 | D:7      | Shot with a sling bullet by Joseph

Illustrated notes

Levels and vault maps discovered:
D:1:      dpeg_arrival_caged_fury, layout_basic, chequers_serial_rivers_large_a
D:2:      wad_river_or_something, layout_basic, serial_shops, shop_fountains,
          hellmonk_ecumenical_altar_pennies_from_heaven
D:3:      minmay_razor_zed, layout_basic, okawaru_ov_weapons_minmay,
          corexii_item_surrounded_by_moat, minmay_strange_pillars
D:4:      layout_loops_corners, mainiacjoe_overflow_24_doors,
          mainiacjoe_overflow_concentric_impassable, kennysheep_dice
D:5:      layout_loops_ring, zin_angel, minmay_overflow_temple_star_quad,
          tgw_kikubaaqudgha
D:6:      layout_layer_cave, minmay_temple_entry_drinking_statues,
          serial_undead, serial_undead_c, serial_undead_b, serial_undead_d,
          serial_undead_f, chequers_serial_rivers_micro_d
D:7:      layout_loops_corners, grunt_temple_overflow_forces_of_nature,
          lemuel_doored_altar, yredelemnul_altar_generic, uniq_joseph
Temple:   corrupted_temple

Skill      XL: |  1  2  3  4  5  6  7  8  9 |
---------------+----------------------------+-----
Spellcasting   | 3 4 5 6 8 |  8.4
Fighting       | 1 2 3 4 |  4.1
Stealth        | 2 3 |  3.7
Polearms       | 1 2 |  2.5
Dodging        | 3 |  3.5
Short Blades   | |  0.2

Action                   |  1- 3 |  4- 6 |  7- 9 || total
-------------------------+-------+-------+-------++-------
Melee: Short sword       |       |     9 |       ||     9
       Glaive            |       |    13 |     9 ||    22
       Hand axe          |       |     4 |       ||     4
 Cast: Foxfire           |    87 |   164 |   158 ||   409
       Shock             |     1 |       |       ||     1
       Sticky Flame      |       |     1 |     7 ||     8
       Blink             |       |     1 |       ||     1
       Fireball          |       |       |    32 ||    32
  Use: Scroll            |     2 |    10 |     2 ||    14
       Potion            |       |       |     2 ||     2
 Stab: Sleeping          |       |     3 |     1 ||     4
Armor: Robe              |    11 |    21 |     8 ||    40
Dodge: Dodged            |    19 |    38 |    29 ||    86

Table legend: (Time is in decaauts)
 A = Elapsed time spent in this place.
 B = Non-inter-level travel time spent in this place.
 C = Inter-level travel time spent in this place.
 D = Time resting spent in this place.
 E = Time spent auto-exploring this place.
 F = Levels seen in this place.
 G = Mean time per level.
                   A        B        C        D        E       F      G
               +--------+--------+--------+--------+--------+-----+--------+
         Total |  10857 |  10656 |    201 |    602 |   8955 |   8 | 1357.1 |
       Dungeon |  10793 |  10606 |    187 |    602 |   8906 |   7 | 1541.9 |
        Temple |     63 |     49 |     14 |      0 |     49 |   1 |   63.0 |
               +--------+--------+--------+--------+--------+-----+--------+

Top non-repeatable levels by time:
     D:7: 1911 daAuts
     D:6: 1848 daAuts
     D:4: 1636 daAuts
     D:2: 1556 daAuts
     D:3: 1481 daAuts
     D:1: 1438 daAuts
     D:5: 921 daAuts
  Temple: 63 daAuts
